 Dungeon Crawl Stone Soup version 0.27.1-1-g398f81649c (webtiles) character file.

Game seed: 8273484165342483299

135 Borgoz the Slasher (level 5, 0/41 HPs)
             Began as a Human Berserker on Sept 20, 2021.
             Was a Believer of Trog.
             Slain by an orc (1 damage)
             ... on level 3 of the Dungeon.
             The game lasted 00:02:31 (3385 turns).

Borgoz the Slasher (Human Berserker)                Turns: 3385, Time: 00:02:31

Health: 0/41       AC:  2    Str: 18    XL:     5   Next: 42%
Magic:  5/5        EV: 13    Int:  7    God:    Trog [**....]
Gold:   55         SH:  0    Dex: 13    Spells: 4/4 levels left

rFire    . . .     SeeInvis .   a - +0 falchion
rCold    . . .     Faith    .   (no shield)
rNeg     . . .     Spirit   .   b - +0 animal skin
rPois    .         Reflect  .   (no helmet)
rElec    .         Harm     .   (no cloak)
rCorr    +         Rampage  .   (no gloves)
Will     +....                  (no boots)
Stlth    +.........             (no amulet)
HPRegen  0.13/turn              e - ring of willpower
MPRegen  0.09/turn              f - ring of resist corrosion

@: no status effects
A: no striking features
a: Renounce Religion, Berserk, Trog's Hand


You were on level 3 of the Dungeon.
You worshipped Trog.
Trog was pleased with you.
You visited 1 branch of the dungeon, and saw 3 of its levels.

You collected 55 gold pieces.

Inventory:

Hand Weapons
 a - a +0 falchion (weapon)
Armour
 b - a +0 animal skin (worn)
Jewellery
 e - a ring of willpower (left hand)
 f - a ring of resist corrosion (right hand)
Scrolls
 g - a scroll of brand weapon {unknown}
 h - a scroll of amnesia {unknown}
Potions
 c - 2 potions of brilliance {unknown}
 d - a potion of berserk rage {unknown}


   Skills:
 + Level 3.5 Fighting
 * Level 4.1 Long Blades
 + Level 2.8 Armour
 * Level 3.3 Dodging


You had 4 spell levels left.
You didn't know any spells.
Your spell library was empty.

Dungeon Overview and Level Annotations

Branches:
Dungeon (3/15)

Altars:


Message History

Found an escape hatch in the floor.
An orc comes into view. It is wielding a +0 whip.
The orc shouts!
Items here: )) ††.
Okay, then.
An orc is nearby!
The orc hits you with a +0 whip.
* * * LOW HITPOINT WARNING * * *
You hit the orc but do no damage. The orc barely misses you.
You hit the orc.
The orc is heavily wounded.
The orc closely misses you.
You closely miss the orc.
The orc is heavily wounded.
The orc barely misses you.
You closely miss the orc.
The orc is heavily wounded.
The orc hits you with a +0 whip.
* * * LOW HITPOINT WARNING * * *
You barely miss the orc.
The orc is heavily wounded.
The orc hits you with a +0 whip.
* * * LOW HITPOINT WARNING * * *
You hit the orc.
The orc is almost dead.
The orc hits you but does no damage.
You barely miss the orc.
The orc is almost dead.
The orc hits you with a +0 whip.
* * * LOW HITPOINT WARNING * * *
The orc hits you with a +0 whip.
* * * LOW HITPOINT WARNING * * *
You completely miss the orc.
The orc is severely wounded.
The orc hits you with a +0 whip.
* * * LOW HITPOINT WARNING * * *
You hit the orc but do no damage.
The orc is severely wounded.
The orc hits you with a +0 whip.
You die...

....#########.#######
....................
#.#.###.......#####
#...# #.......#
###..###.......#
#.....###.######
#))...........#
#o.##.#.#####.#
#@.##.#..# #..##.#..#
#)†##.#..# #..##.#..#
..>.......#.#...
.....#..#.#.#.## ....
#..#... ... #..##..#
.. #... ..#


You could see an orc.

Vanquished Creatures
  2 orc wizards (D:3)
  An adder (D:3)
  A worm (D:2)
  2 dart slugs
  5 orcs (D:3)
  A bat (D:2)
  8 endoplasms
  4 giant cockroaches
  2 goblins
  9 hobgoblins
  4 jackals (D:1)
  3 quokkas
  5 ball pythons
  4 frilled lizards
  4 kobolds
  4 rats
59 creatures vanquished.

Vanquished Creatures (others)
  5 plants (D:3)
5 creatures vanquished.

Grand Total: 64 creatures vanquished

Notes
Turn   | Place    | Note
-------+----------+-------------------------------------------
     0 | D:1      | Borgoz the Human Berserker began the quest for the Orb.
     0 | D:1      | Reached XP level 1. HP: 18/18 MP: 1/1
    10 | D:1      | Found a faded altar of an unknown god.
    37 | D:1      | Reached XP level 2. HP: 11/24 MP: 2/2
   593 | D:1      | Reached XP level 3. HP: 29/29 MP: 3/3
  2060 | D:2      | Reached ** piety under Trog
  2309 | D:2      | Reached XP level 4. HP: 26/35 MP: 4/4
  2979 | D:3      | HP: 2/52 [orc wizard (2)]
  3120 | D:3      | Reached XP level 5. HP: 26/41 MP: 5/5
  3325 | D:3      | Reached skill level 4 in Long Blades
  3383 | D:3      | HP: 2/41 [orc (3)]
  3385 | D:3      | Slain by an orc

Illustrated notes

Levels and vault maps discovered:
D:1:      doesnt_arrival_eight_statues, layout_rooms,
          hellmonk_ecumenical_altar_crossroads
D:2:      layout_basic
D:3:      layout_basic, nicolae_hepliaklqana_hazy_memory, roderic_roman_lattice,
          chequers_jeans

Skill      XL: |  1  2  3  4  5 |
---------------+----------------+-----
Dodging        | 3 |  3.3
Long Blades    | 4 |  4.1
Fighting       | |  3.5
Armour         | |  2.8

Action                   |  1- 3 |  4- 6 || total
-------------------------+-------+-------++-------
Melee: Falchion          |   100 |    95 ||   195
Invok: Berserk           |     3 |     2 ||     5
       Trog's Hand       |       |     2 ||     2
  Use: Scroll            |     1 |       ||     1
Armor: Animal skin       |    15 |    11 ||    26
Dodge: Dodged            |    77 |    52 ||   129
       Rpst.: Falchion   |    21 |    13 ||    34
